 Dungeon Crawl Stone Soup version 0.32-a0-131-g9dbbe29261 (webtiles) character file.

Game seed: 8611013153117979924

20517 scamels the Unseen (level 13, 0/73 (80) HPs)
             Began as a Kobold Delver on Feb 8, 2024.
             Was an Initiate of Gozag.
             Slain by Josephine
             ... wielding a +4 dagger of venom
              (10 damage)
             ... on level 2 of the Lair of Beasts on Feb 9, 2024.
             The game lasted 00:23:45 (12114 turns).

scamels the Unseen (Kobold Delver)                 Turns: 12114, Time: 00:23:45

HP:   0/73 (80)     AC: 13    Str:  7    XL:     13   Next: 12%
MP:   18/18         EV: 18    Int: 14    God:    Gozag
Gold: 384           SH:  6    Dex: 19    Spells: 15/19 levels left

rFire   + + +        a - +0 short sword (elec)
rCold   + + .        H - +0 buckler
rNeg    . . .        o - +0 leather armour
rPois   +            m - +0 helmet
rElec   +            J - scarf {rC+ rF+}
rCorr   +            u - +0 pair of gloves
SInv    +            x - +2 pair of boots
Will    +....        M - amulet of the acrobat
Stlth   +++++++      q - ring of the Messenger {rF+ Will+ Str-2 Slay+2 SInv}
HPRegen 0.32/turn    f - +4 ring of protection
MPRegen 0.16/turn

%: acrobat
@: lethally poisoned (0 -> -1), resistant, slowed, drained, invisible, very slow
A: small, no large weapons, nightstalker 3, passive freeze, electricity
resistance, wild magic 1
a: Renounce Religion, Potion Petition, Call Merchant, Bribe Branch


You were on level 2 of the Lair of Beasts.
You worshipped Gozag.
Gozag was aware of your devotion.
You visited 3 branches of the dungeon, and saw 12 of its levels.

You collected 2556 gold pieces.
You spent 675 gold pieces at shops.
You paid 1497 gold pieces to Gozag.

Inventory:

Hand Weapons
 a - a +0 short sword of electrocution (weapon)
 b - a -2 quick blade
 P - a +0 rapier
Missiles
 e - 9 boomerangs
 t - 26 poisoned darts (quivered)
Armour
 m - a +0 helmet (worn)
 o - a +0 leather armour (worn)
 u - a +0 pair of gloves (worn)
 x - a +2 pair of boots (worn)
 H - a +0 buckler (worn)
 J - a scarf of resistance (worn)
Jewellery
 f - a +4 ring of protection (right hand)
 h - a ring of flight
 q - the ring of the Messenger (left hand) {rF+ Will+ Str-2 Slay+2 SInv}
   (You bought it in a shop on level 1 of the Lair of Beasts)

   [ring of see invisible]

   Str-2:     It affects your strength (-2).
   Slay+2:    It affects your accuracy & damage with ranged weapons and melee
   (+2).
   rF+:       It protects you from fire.
   Will+:     It increases your willpower.
   SInv:      It lets you see invisible.
 v - an amulet of guardian spirit
 z - a +4 ring of slaying
 M - an amulet of the acrobat (around neck)
 O - a ring of poison resistance
Wands
 g - a wand of digging (2)
 l - a wand of flame (12)
 B - a wand of charming (6)
Scrolls
 c - a scroll of vulnerability {unknown}
 d - 3 scrolls of revelation
 i - 2 scrolls of enchant weapon {unknown}
 j - a scroll of torment {unknown}
 k - 4 scrolls of teleportation
 n - a scroll of blinking {unknown}
 r - 2 scrolls of silence {unknown}
 w - 4 scrolls of immolation
 y - a scroll of poison {unknown}
 E - a scroll of noise {unknown}
 I - a scroll of enchant armour {unknown}
 N - a scroll of acquirement {unknown}
Potions
 p - a potion of enlightenment
 s - a potion of magic {unknown}
 A - a potion of curing
 D - a potion of cancellation
 F - a potion of ambrosia
 G - a potion of invisibility
 K - a potion of might
 L - a potion of attraction {unknown}


   Skills:
 * Level 9.6 Fighting
 + Level 13.1 Short Blades
 - Level 2.0 Throwing
 + Level 5.1 Armour
 + Level 8.0 Dodging
 + Level 15.7 Stealth
 + Level 5.0 Shields
 - Level 3.6 Spellcasting
 - Level 6.8 Evocations


You had 15 spell levels left.
You knew the following spells:

 Your Spells              Type           Power      Damage    Failure   Level
a - Sigil of Binding      Hex            3%         N/A       86%         3
m - Apportation           Tloc           6%         N/A       50%         1

Your spell library contained the following spells:

 Spells                   Type           Power      Damage    Failure   Level
 Necrotise                Necr           12%        1d4       50%         1
 Sting                    Conj/Alch      12%        1d3       50%         1
 Summon Small Mammal      Summ           12%        N/A       50%         1
 Cigotuvi's Dreadful Rot  Necr/Alch/Air  6%         N/A       65%         2
 Mercury Vapours          Alch/Air       6%         N/A       65%         2
 Sublimation of Blood     Necr           3%         N/A       65%         2
 Call Canine Familiar     Summ           3%         N/A       86%         3
 Inner Flame              Hex/Fire       3%         N/A       86%         3
 Mephitic Cloud           Conj/Alch/Air  3%         N/A       86%         3
 Dimensional Bullseye     Hex/Tloc       1%         N/A       99%         4
 Sticky Flame             Fire/Alch      3%         2d4       99%         4
 Freezing Cloud           Conj/Ice/Air   1%         6-21      100%        5
 Irradiate                Conj/Alch      1%         3d12      100%        5
 Ignition                 Fire           1%         3d3       100%        8
 Fire Storm               Conj/Fire      1%         8d1       100%        9


Dungeon Overview and Level Annotations

Branches:
Dungeon (8/15)             Temple (1/1) D:4            Lair (3/5) D:8
 Shoals (0/4) Lair:2        Snake (0/4) Lair:2

Altars:
Ashenzari
Cheibriados
Dithmenos
Elyvilon
Fedhas
Gozag
Hepliaklqana
Kikubaaqudgha
Nemelex Xobeh
Okawaru
Ru
Trog
Uskayaw
Vehumet
Wu Jian
Xom
Zin
The Shining One

Shops:
D:6 *   Lair:1 =

Annotations:
D:5 2 runed translucent doors
D:8 3 runed translucent doors, Ambrosia's ghost, novice DgFE
Lair:2 Josephine


Innate Abilities, Weirdness & Mutations

You are small and have problems with some larger weapons.
You are completely attuned to the shadows.
A frigid envelope surrounds you and freezes all who hurt you.
You are resistant to electric shocks. (rElec)
Your spells are a little harder to cast, but a little more powerful.


Message History

You hit Josephine. Lightning courses through Josephine!
Josephine is severely wounded.
You feel sick.
Josephine gestures at you while chanting.
The ghostly flame explodes!
The ghostly fireball engulfs you!!
You feel drained.
The ghostly fireball engulfs the wraith.
The wraith completely resists.
The ghostly fireball engulfs the wraith.
The wraith completely resists.
The ghostly fireball engulfs Josephine.
Josephine completely resists.
The wraith hits you. The wraith drains your vigour!
You feel as though you will be slow longer.
The wraith resists.
The wraith is very cold.
The wraith is moderately damaged.
Unknown command.
You hit Josephine. Lightning courses through Josephine!
Josephine is almost dead.
You feel sick. The wraith closely misses you.
Josephine gestures at you while chanting.
The ghostly flame explodes!
The ghostly fireball engulfs you!!
You feel drained.
* * * LOW HITPOINT WARNING * * *
The ghostly fireball engulfs the wraith.
The wraith completely resists.
The ghostly fireball engulfs the wraith.
The wraith completely resists.
The ghostly fireball engulfs Josephine.
Josephine completely resists.
The wraith closely misses you.
Unknown command. [a] - 546 gold - brilliance, magic, resistance and might [b] - 378 gold - resistance and invisibility [c] - 725 gold - haste, resistance and enlightenment Purchase which effect?
You no longer have enough gold to petition Gozag for potion effects.
You feel protected.
You fade into invisibility!
You feel sick. The wraith closely misses you. Josephine misses you.
You block the wraith's attack. x2
Josephine hits you with a +4 dagger of venom!
You die...
Your body crumbles into a pile of gold.

.####..#.#P.## ##.#.ß.....#..#
..##.........## #..#.......#...
..~#....#.....# ##.#...#.#.#..P
...#..####..#### ##.....##.#..#
~.~#...###..##.# ##.+####....#
..##..........#######.....#####..
###....##.....#.ß.##.###.#....ß.#
#.[..#.....#.W...........#..... #
###.#......#ß@@......ß......<.ß
###....#.#...#.W...........#.....
...........#.##.ß.#...#..#.#..ß..
..#....###.########.#....[#######
..............#.####.##+### #..
......###.P..#.#.####.....### #.P
..#.#.#...........##.#...#..###..
#######...##....#.##.....#.##....
#P#.###.###........#.#.ß.........


You could see Josephine (unable to see you) and 2 wraiths.

Vanquished Creatures
  2 hydras (Lair:2)
  A centaur warrior (D:8)
  A two-headed ogre (D:8)
  Erica (Lair:1)
  A boulder beetle (Lair:1)
  A lindwurm (Lair:2)
  A deep elf pyromancer (D:7)
  A salamander (Lair:2)
  13 elephants
  A black mamba (Lair:2)
  A merfolk siren (Lair:2)
  A cane toad (Lair:2)
  A rime drake (Lair:1)
  2 komodo dragons (Lair:2)
  2 merfolk (Lair:2)
  A polar bear (Lair:2)
  5 blink frogs (Lair:2)
  A wyvern (D:8)
  10 yaks
  3 basilisks
  Grum (D:7)
  2 steam dragons
  A naga (Lair:2)
  Menkaure (D:4)
  5 water moccasins
  3 orc warriors
  A sky beast (D:6)
  An ice beast (D:6)
  4 black bears
  13 wolves
  4 centaurs
  3 ogres
  A phantom (D:5)
  2 kobold brigands
  5 bullfrogs
  4 gnoll sergeants (D:7)
  4 wights (D:8)
  4 killer bees (D:8)
  A bombardier beetle (D:4)
  2 electric eels (Lair:2)
  3 howler monkeys (D:8)
  12 hounds
  2 jellies
  3 orc priests (D:8)
  3 gnoll boudas (D:7)
  5 iguanas
  A sleepcap (D:6)
  6 orc wizards
  Robin (D:2)
  22 gnolls
  6 adders
  A shadow imp (D:6)
  2 white imps (D:5)
  2 ufetubi (D:7)
  A dart slug (D:1)
  12 orcs
  5 bats
  2 endoplasms (D:1)
  A giant cockroach (D:1)
  16 goblins
  9 hobgoblins
  A jackal (D:7)
  16 kobolds
  5 quokkas
  10 ball pythons
  5 frilled lizards
  5 rats
269 creatures vanquished.

Notes
Turn   | Place    | Note
-------+----------+-------------------------------------------
     0 | D:5      | scamels the Kobold Delver began the quest for the Orb.
     0 | D:5      | Reached XP level 1. HP: 14/14 MP: 1/1
    73 | D:5      | Reached skill level 7 in Stealth
    73 | D:5      | Reached XP level 2. HP: 19/19 MP: 2/2
    80 | D:5      | Got the Incunabulum of Charnel Incineration
   174 | D:5      | Noticed a phantom
   286 | D:5      | Found a runed translucent door.
   288 | D:5      | Noticed a bullfrog
   379 | D:4      | Noticed Menkaure
   692 | D:2      | Reached XP level 3. HP: 23/23 MP: 3/3
   708 | D:2      | Noticed Robin
   854 | D:2      | Killed Robin
  1097 | D:2      | Reached XP level 4. HP: 28/28 MP: 4/4
  1119 | D:2      | Reached skill level 1 in Spellcasting
  1484 | D:1      | Reached XP level 5. HP: 26/32 MP: 7/7
  2114 | D:1      | Reached skill level 8 in Stealth
  2252 | D:1      | Found a faded altar of an unknown god.
  2818 | D:3      | Found a shimmering altar of Xom.
  3314 | D:4      | Killed Menkaure
  3315 | D:4      | Reached skill level 5 in Short Blades
  3315 | D:4      | Reached skill level 1 in Evocations
  3315 | D:4      | Reached XP level 6. HP: 37/37 MP: 8/8
  3358 | D:4      | Found a staircase to the Ecumenical Temple.
  3370 | Temple   | Entered the Ecumenical Temple
  3393 | Temple   | Became a worshipper of Gozag Ym Sagoz the Greedy
  3494 | D:4      | Found a sparkling altar of Nemelex Xobeh.
  3695 | D:5      | Reached skill level 9 in Stealth
  3706 | D:5      | Reached XP level 7. HP: 32/41 MP: 9/9
  4076 | D:5      | Found a runed translucent door.
  4132 | D:5      | Reached XP level 8. HP: 46/46 MP: 10/10
  4138 | D:5      | Learned a level 1 spell: Apportation
  4235 | D:5      | Reached skill level 1 in Throwing
  4235 | D:5      | Reached skill level 10 in Stealth
  4725 | D:6      | Reached skill level 5 in Evocations
  4967 | D:6      | Reached skill level 11 in Stealth
  4967 | D:6      | Reached XP level 9. HP: 28/51 MP: 11/11
  5173 | D:6      | Found Ataicif's Lightly-Used Armoury.
  5178 | D:6      | Bought a -2 quick blade for 55 gold pieces
  5614 | D:7      | Reached skill level 12 in Stealth
  6135 | D:7      | Reached skill level 10 in Short Blades
  6135 | D:7      | Reached skill level 13 in Stealth
  6173 | D:7      | Learned a level 3 spell: Sigil of Binding
  6235 | D:7      | Reached XP level 10. HP: 52/56 MP: 12/12
  6570 | D:7      | Found a shadowy altar of Dithmenos.
  6624 | D:7      | Noticed a deep elf pyromancer
  6627 | D:7      | Killed a deep elf pyromancer
  6628 | D:7      | Reached skill level 1 in Armour
  6628 | D:7      | Reached skill level 1 in Shields
  6729 | D:7      | Noticed Grum
  6732 | D:7      | Killed Grum
  6948 | D:8      | Found a runed translucent gate.
  6948 | D:8      | Found a runed translucent gate.
  6949 | D:8      | Found a runed translucent gate.
  7298 | D:8      | Noticed a centaur warrior
  7323 | D:8      | Killed a centaur warrior
  7428 | D:8      | Found a staircase to the Lair.
  7456 | D:8      | Noticed an elephant
  7472 | D:8      | Noticed a two-headed ogre
  7476 | D:8      | Killed a two-headed ogre
  7477 | D:8      | Reached skill level 14 in Stealth
  7477 | D:8      | Reached XP level 11. HP: 62/62 MP: 14/16
  7613 | D:8      | Reached skill level 5 in Fighting
  7613 | D:8      | Reached skill level 5 in Dodging
  7690 | D:8      | Killed an elephant
  7800 | D:8      | Found a blossoming altar of Fedhas.
  8349 | D:8      | Noticed Ambrosia's ghost (novice DgFE)
  8389 | Lair:1   | Entered Level 1 of the Lair of Beasts
  8408 | Lair:1   | Gained mutation: A frigid envelope surrounds you and
                  | freezes all who hurt you. [potion of mutation]
  8408 | Lair:1   | Gained mutation: You are resistant to electric shocks.
                  | (rElec) [potion of mutation]
  8408 | Lair:1   | Gained mutation: Your spells are a little harder to cast,
                  | but a little more powerful. [potion of mutation]
  8508 | Lair:1   | You fall into a shaft and drop 1 floor!
  8519 | Lair:2   | Noticed an elephant
  8521 | Lair:2   | Noticed an elephant
  8521 | Lair:2   | Noticed an elephant
  8526 | Lair:2   | Noticed an elephant
  8531 | Lair:2   | Killed an elephant
  8533 | Lair:2   | Noticed an elephant
  8533 | Lair:2   | Noticed an elephant
  8541 | Lair:2   | Killed an elephant
  8551 | Lair:2   | Killed an elephant
  8567 | Lair:2   | Killed an elephant
  8573 | Lair:2   | Killed an elephant
  8579 | Lair:2   | Killed an elephant
  8962 | Lair:2   | Reached XP level 12. HP: 72/72 MP: 17/17
  9274 | Lair:2   | Reached skill level 15 in Stealth
  9697 | Lair:1   | Noticed a boulder beetle
  9701 | Lair:1   | Killed a boulder beetle
  9962 | Lair:1   | Noticed Erica
  9976 | Lair:1   | Killed Erica
 10615 | Lair:1   | Bought the ring of the Messenger {rF+ Will+ Str-2 Slay+2
                  | SInv} for 620 gold pieces
 10689 | Lair:2   | Noticed a five-headed hydra
 10694 | Lair:2   | Killed a five-headed hydra
 10910 | Lair:2   | HP: 3/75 [elephant (13)]
 11291 | Lair:2   | Found a staircase to the Snake Pit.
 11409 | Lair:2   | Reached XP level 13. HP: 51/80 MP: 18/18
 11538 | Lair:2   | Reached skill level 5 in Armour
 11680 | Lair:2   | Noticed an eight-headed hydra
 11690 | Lair:2   | Killed an eight-headed hydra
 11759 | Lair:2   | Found a staircase to the Shoals.
 12088 | Lair:3   | Reached skill level 5 in Shields
 12099 | Lair:3   | Noticed Josephine
 12114 | Lair:2   | Slain by Josephine

Illustrated notes

Levels and vault maps discovered:
D:1:      dpeg_arrival_central, layout_basic,
          shapermc_ecumenical_altar_mp_ritualfount, minmay_shallow_snake_nest
D:2:      layout_loops_ring, serial_glass, glass_columns_a, glass_columns_b,
          glass_columns_a, glass_columns_a, chequers_serial_rivers_micro_e,
          uniq_robin
D:3:      layout_rooms, mainiacjoe_overflow_boulevard
D:4:      layout_rooms, nemelex_spade_bored_becter, minmay_temple_entry_slanted,
          uniq_menkaure
D:5:      layout_basic, ebering_ghost_sewer_f,
          serial_library_hellmonk_narrow_alcove, due_unseen_surprise
D:6:      layout_gridville, minmay_shop_damaged
D:7:      layout_cave_pools, kennysheep_mini_moat, serial_gnoll_camp,
          gnoll_camp_mini_sergeant, gnoll_camp_mini_doghouse, grums_kennel,
          gnoll_camp_huts_basic, gnoll_camp_mini_loothouse, gnoll_camp_mini_hut,
          minmay_small_thing
D:8:      layout_rooms, mainiacjoe_overflow_paths, david_lair_generic,
          gammafunk_ghost_ooze
Temple:   minmay_temple_curvy_branch
Lair:1:   layout_regular_city, grunt_megastairs_5, uniq_erica
Lair:2:   layout_loops_ring, elwin_shoals_entry_rooms,
          alex1729_snake_entry_snake, grunt_megastairs_1, serial_bayou_shore_a
Lair:3:   minmay_lair_oklob_tunnel, layout_hall_layers,
          ebering_ghost_funeral_grove, lemuel_fruit_tree, uniq_rupert,
          uniq_josephine

Skill      XL: |  1  2  3  4  5  6  7  8  9 10 11 12 13 |
---------------+----------------------------------------+-----
Stealth        | 7 8 9 11 13 14 15 | 15.7
Short Blades   | 3 4 5 6 8 10 11 12 13 | 13.1
Dodging        | 3 4 6 7 8 |  8.0
Spellcasting   | 1 3 |  3.6
Evocations     | 1 2 4 5 6 |  6.8
Throwing       | 2 |  2.0
Armour         | 2 3 4 5 |  5.1
Shields        | 2 3 4 5 |  5.0
Fighting       | 4 7 9 |  9.6

Action                     |  1- 3 |  4- 6 |  7- 9 | 10-12 | 13-15 || total
---------------------------+-------+-------+-------+-------+-------++-------
  Melee: Short sword       |   119 |    25 |       |   301 |    31 ||   476
         Punch             |     2 |     4 |    31 |    67 |       ||   104
         Dagger            |       |   108 |   371 |   435 |       ||   914
  Throw: Boomerang         |     1 |       |       |       |       ||     1
         Dart              |       |       |       |     2 |       ||     2
 Invoke: Potion Petition   |       |       |       |     1 |     1 ||     2
         Call Merchant     |       |       |       |     1 |       ||     1
  Evoke: Wand              |       |     4 |     9 |    16 |       ||    29
    Use: Scroll            |     2 |     1 |     5 |    10 |       ||    18
         Potion            |     1 |       |       |     6 |       ||     7
   Stab: Sleeping          |     7 |    30 |    19 |    26 |     4 ||    86
         Distracted        |       |     1 |     2 |    11 |       ||    14
 Armour: Leather armour    |    59 |    35 |    92 |   197 |    25 ||   408
         Skin              |       |       |       |    13 |       ||    13
  Dodge: Dodged            |    87 |    57 |   117 |   263 |    51 ||   575
  Block: Other             |       |     2 |    38 |    31 |       ||    71
         Reflection        |       |       |     1 |       |       ||     1
         Buckler           |       |       |       |    18 |    16 ||    34

Table legend: (Time is in decaauts)
 A = Elapsed time spent in this place.
 B = Non-inter-level travel time spent in this place.
 C = Inter-level travel time spent in this place.
 D = Time resting spent in this place.
 E = Time spent auto-exploring this place.
 F = Levels seen in this place.
 G = Mean time per level.
                   A        B        C        D        E       F      G
               +--------+--------+--------+--------+--------+-----+--------+
         Total |  11397 |  10869 |    528 |     41 |   8714 |  12 |  949.8 |
       Dungeon |   7717 |   7406 |    311 |      3 |   5814 |   8 |  964.6 |
        Temple |     48 |      5 |     43 |      0 |      0 |   1 |   48.0 |
          Lair |   3632 |   3458 |    174 |     38 |   2900 |   3 | 1210.7 |
               +--------+--------+--------+--------+--------+-----+--------+

Top non-repeatable levels by time:
  Lair:2: 2257 daAuts
     D:7: 1430 daAuts
  Lair:1: 1334 daAuts
     D:8: 1246 daAuts
     D:1: 1097 daAuts
     D:2: 981 daAuts
     D:5: 961 daAuts
     D:6: 927 daAuts
     D:3: 570 daAuts
     D:4: 502 daAuts
  Temple: 48 daAuts
  Lair:3: 39 daAuts
